 Dungeon Crawl Stone Soup version 0.22-a0-757-gdba82d8 (webtiles) character file.

1549 Amnesiac the Digger (level 8, -14/52 HPs)
             Began as a Demonspawn Earth Elementalist on July 16, 2018.
             Was an Initiate of Gozag.
             Demolished by an orc warrior
             ... wielding a +2 flail of venom
              (20 damage)
             ... on level 6 of the Dungeon.
             The game lasted 00:11:21 (6384 turns).

Amnesiac the Digger (Demonspawn Earth Elementalist) Turns: 6384, Time: 00:11:22

Health: -14/52     AC:  5    Str:  8    XL:     8   Next: 57%
Magic:  1/15       EV: 18    Int: 19    God:    Gozag
Gold:   421        SH:  0    Dex: 19    Spells: 2/17 levels left

rFire    + . .     SeeInvis .   a - +0 dagger
rCold    . . .     Gourm    .   (no shield)
rNeg     . . .     Faith    .   c - +1 robe
rPois    .         Spirit   .   (helmet restricted)
rElec    .         Reflect  .   (no cloak)
rCorr    .         Harm     .   (no gloves)
MR       .....                  (no boots)
Stlth    ++++......             y - amulet of the acrobat
HPRegen  0.17/turn              i - ring of protection from fire
MPRegen  0.14/turn              (no ring)

@: agile
A: antennae 1, thin metallic scales 1, nightstalker 1, powered by pain 1
a: Potion Petition, Call Merchant, Bribe Branch, Renounce Religion


You were on level 6 of the Dungeon.
You worshipped Gozag.
Gozag was aware of your devotion.
You were very full.

You visited 2 branches of the dungeon, and saw 7 of its levels.

You collected 509 gold pieces.
You paid 88 gold pieces to Gozag.

Inventory:

Hand Weapons
 a - a +0 dagger (weapon)
Missiles
 j - 38 stones (quivered)
Armour
 c - a +1 robe (worn)
Magical Staves
 b - an uncursed staff of energy
Jewellery
 i - a ring of protection from fire (left hand)
 w - an uncursed ring of teleportation
 y - an amulet of the acrobat (around neck)
Scrolls
 e - 4 scrolls of remove curse {!r}
 f - a scroll of enchant armour {!r}
 k - 4 scrolls of identify {!r}
 l - 2 scrolls of random uselessness {!r, unknown}
 o - a scroll of magic mapping {!r, unknown}
 q - a scroll of immolation {!r, unknown}
 t - a scroll of noise {!r, unknown}
 v - a scroll of fear {!r, unknown}
Potions
 g - a potion of degeneration {!q, unknown}
 h - a potion of magic {!q, unknown}
 m - a potion of might {!q, unknown}
 n - a potion of invisibility {!q, unknown}
 p - 2 potions of curing {!q}
 r - a potion of mutation {!q, unknown}
 s - 2 potions of brilliance {!q, unknown}
 u - a potion of haste {!q, unknown}
 x - a potion of lignification {!q, unknown}
 z - a potion of agility {!q, unknown}
 A - a potion of berserk rage {!q}
Comestibles
 d - 3 rations


   Skills:
 - Level 2.0 Short Blades
 - Level 2.4 Dodging
 - Level 2.0 Stealth
 + Level 5.2 Spellcasting
 - Level 4.0 Transmutations
 * Level 7.4 Earth Magic


You had 2 spell levels left.
You knew the following spells:

 Your Spells              Type           Power        Failure   Level  Hunger
a - Stone Arrow           Conj/Erth      ###...       8%          3    ##.....
b - Passwall              Tmut/Erth      ####....     1%          2    #......
c - Sandblast             Erth           ####..       1%          1    None
d - Lee's Rapid Deconstr  Erth           ####......   16%         5    ######.
e - Petrify               Tmut/Erth      ####....     12%         4    ####...

Your spell library contained the following spells:

 Spells                   Type           Power        Failure   Level  Hunger


Dungeon Overview and Level Annotations

Branches:
Dungeon (6/15)             Temple (1/1) D:6

Altars:
Ashenzari
Cheibriados
Dithmenos
Elyvilon
Fedhas
Gozag
Hepliaklqana
Kikubaaqudgha
Makhleb
Nemelex Xobeh
Okawaru
Qazlal
Ru
Sif Muna
Trog
Uskayaw
Vehumet
Wu Jian
Xom
Yredelemnul
Zin
The Shining One


Innate Abilities, Weirdness & Mutations

You have a pair of small antennae on your head.
You are partially covered in thin metallic scales. (AC +2)
You are slightly more attuned to the shadows.
You sometimes gain a little power by taking damage.


Message History

Confirm with . or Enter, or press ? or * to list all spells.
Aiming: Petrify (safe; 12% risk of failure)
Press: ? - help, Shift-Dir - straight line, f/p - orc warrior
Aim: an orc warrior, wielding a flail of venom and wearing a chain mail (chance to defeat MR: 55%)
The orc warrior resists with significant effort.
You feel sick.
Unknown command.
Casting: Petrify (safe; 12% risk of failure)
Confirm with . or Enter, or press ? or * to list all spells.
You don't have enough magic to cast that spell.
Unknown command.
You feel sick.
You feel sick. The orc warrior completely misses you.
You feel sick.
Casting: Petrify (safe; 12% risk of failure)
Confirm with . or Enter, or press ? or * to list all spells.
Aiming: Petrify (safe; 12% risk of failure)
Press: ? - help, Shift-Dir - straight line, f/p - orc warrior
Aim: an orc warrior, wielding a flail of venom and wearing a chain mail (chance to defeat MR: 55%)
The orc warrior resists with significant effort.
A water moccasin zombie comes into view.
Unknown command.
You feel sick. The orc warrior completely misses you.
You feel sick.
You feel sick.
You feel sick.
The orc warrior throws a stone.
The stone hits you.
You see here a stone.
An orc priest comes into view. It is wielding a dagger.
You feel sick.
The orc warrior throws a stone.
The stone hits you!
* * * LOW HITPOINT WARNING * * *
You see here a stone.
Okay, then.
Really quaff
p - 4 white potions {!q}?
It was a potion of curing {!q}.
You feel better.
The orc priest shouts!
The orc warrior throws a stone.
The stone misses you.
The stone misses the orc warrior.
Okay, then.
Okay, then.
Really read
k - 5 scrolls labeled ANE MALUPPEI {!r}?
As you read the scroll labeled ANE MALUPPEI {!r}, it crumbles to dust.
It is a scroll of identify.
A - a potion of berserk rage {!q} The orc warrior hits you with a flail of venom!
* * * LOW HITPOINT WARNING * * *
You focus on the pain.
You feel agile all of a sudden.
You are lethally poisoned!
The orc warrior throws a stone.
The stone hits you.
* * * LOW HITPOINT WARNING * * *
Really quaff
p - 3 potions of curing {!q}?
You feel better.
The orc warrior throws a stone.
The stone closely misses you.
The stone barely misses the orc warrior.
The orc warrior completely misses you.
Really read
f - 2 scrolls labeled WISSEW TUUNIKE {!r}?
As you read the scroll labeled WISSEW TUUNIKE {!r}, it crumbles to dust.
It is a scroll of enchant armour.
Your +0 robe glows green for a moment.
The orc warrior throws a stone.
The stone hits you!
* * * LOW HITPOINT WARNING * * *
The orc priest looks satisfied for a moment.
The orc warrior hits you with a flail of venom!!
You die...
Your body crumbles into a pile of gold.

#.........# #..#...##
...#
######.######.####..o....
...# #..# #...#
#...#..####.o.. ##.#
#o### #.##.........
#.###{# ###.##Z####..#
#..##.# #...#..# ##$#
##....# #Z#...####..#
#......###o#o####...##
###
....##.....@.#.#....###
##.. ....
...o..###.#.#### #... .##
##..o..# #.#.# ...:
##.#### #.#.# .!..
###......# ###...# ....
...........# ##....##
.).. ≈≈≈≈≈......#
##...### ....
≈≈≈≈≈≈≈....####...## #...
≈≈≈≈≈≈≈≈≈..##....># ....


You could see 2 orc warriors, an orc priest and a water moccasin zombie.

Vanquished Creatures
  Grinder (D:3)
  A wyvern (D:5)
  An ice beast (D:5)
  An orc warrior (D:5)
  A sky beast (D:5)
  A phantom (D:5)
  An ogre (D:5)
  A bullfrog (D:6)
  A howler monkey (D:5)
  A bullfrog zombie (D:6)
  A centaur skeleton (D:4)
  An orc priest (D:5)
  3 hounds
  4 orc wizards
  4 worker ants (D:4)
  A hound zombie (D:5)
  A howler monkey zombie (D:5)
  10 adders
  A shadow imp (D:4)
  An ooze (D:3)
  5 worms
  2 dart slugs (D:1)
  6 leopard geckos
  16 orcs
  A ball python (D:6)
  5 giant cockroaches
  8 hobgoblins
  8 jackals
  3 quokkas
  8 bats
  A frilled lizard (D:1)
  6 goblins
  4 kobolds
  A quokka skeleton (D:5)
  7 rats
118 creatures vanquished.

Notes
Turn   | Place    | Note
-------+----------+-------------------------------------------
     0 | D:1      | Amnesiac the Demonspawn Earth Elementalist began the quest for the Orb.
     0 | D:1      | Reached XP level 1. HP: 13/13 MP: 3/3
   469 | D:1      | Gained mutation: You are slightly more attuned to the shadows. [demonic ancestry]
   469 | D:1      | Reached XP level 2. HP: 8/19 MP: 1/5
   473 | D:1      | Learned a level 2 spell: Passwall
   603 | D:1      | Reached skill level 3 in Earth Magic
   663 | D:2      | Gained mutation: You sometimes gain a little power by taking damage. [demonic ancestry]
   663 | D:2      | Reached XP level 3. HP: 24/24 MP: 4/6
  1067 | D:4      | Reached XP level 4. HP: 21/30 MP: 0/7
  1503 | D:4      | Learned a level 4 spell: Petrify
  1582 | D:4      | Reached skill level 4 in Earth Magic
  1626 | D:4      | Reached skill level 1 in Transmutations
  1630 | D:4      | Gained mutation: You are partially covered in thin metallic scales. (AC +2) [demonic ancestry]
  1630 | D:4      | Reached XP level 5. HP: 28/35 MP: 2/9
  1706 | D:4      | Reached skill level 1 in Short Blades
  2327 | D:5      | Entered Level 5 of the Dungeon
  2359 | D:5      | Noticed a phantom
  2369 | D:5      | Killed a phantom
  2369 | D:5      | Reached XP level 6. HP: 39/41 MP: 1/11
  2439 | D:5      | Noticed a wyvern
  2653 | D:5      | Reached skill level 5 in Earth Magic
  2684 | D:5      | Reached XP level 7. HP: 28/46 MP: 4/12
  3292 | D:5      | Killed a wyvern
  3499 | D:6      | Reached skill level 6 in Earth Magic
  3761 | D:5      | Learned a level 5 spell: Lee's Rapid Deconstruction
  3833 | D:6      | Gained mutation: You have a pair of small antennae on your head. [demonic ancestry]
  3833 | D:6      | Reached XP level 8. HP: 52/52 MP: 1/14
  3874 | D:5      | Learned a level 3 spell: Stone Arrow
  3954 | D:6      | Found a staircase to the Ecumenical Temple.
  3970 | Temple   | Entered the Ecumenical Temple
  4029 | Temple   | Became a worshipper of Gozag Ym Sagoz the Greedy
  5219 | D:3      | Found a deep blue altar of Sif Muna.
  5446 | D:3      | Noticed Grinder
  5447 | D:3      | Paralysed by Grinder for 7 turns
  5468 | D:3      | Killed Grinder
  5626 | D:3      | Reached skill level 7 in Earth Magic
  6105 | D:6      | Reached skill level 5 in Spellcasting
  6384 | D:6      | Demolished by an orc warrior

Vault maps used:
D:1:      scummos_arrival_checkerplants
D:3:      lemuel_round_altar, uniq_grinder
D:5:      first_ration
D:6:      lemuel_ratsnest, temple_pool_b
Temple:   compressed_dpeg_triangle_lava_temple

Skill      XL: |  1  2  3  4  5  6  7  8 |
---------------+-------------------------+-----
Stealth        | 2 |  2.0
Dodging        | 2 |  2.4
Earth Magic    | 3 4 5 6 7 |  7.4
Transmutations | 1 2 3 4 |  4.0
Short Blades   | 1 2 |  2.0
Spellcasting   | 3 4 5 |  5.2

Action                   |  1- 3 |  4- 6 |  7- 9 || total
-------------------------+-------+-------+-------++-------
Melee: Unarmed           |     8 |       |       ||     8
       Dagger            |     5 |    12 |   265 ||   282
Throw: Stone             |       |     2 |       ||     2
 Cast: Sandblast         |    32 |    61 |    34 ||   127
       Passwall          |     3 |     7 |     4 ||    14
       Petrify           |       |       |    14 ||    14
       Lee's Rapid Decon |       |       |     4 ||     4
       Stone Arrow       |       |       |    26 ||    26
  Use: Scroll            |       |       |     3 ||     3
       Potion            |       |       |     2 ||     2
 Stab: Sleeping          |     3 |     8 |    11 ||    22
       Distracted        |     1 |       |       ||     1
       Petrified         |       |       |    29 ||    29
       Petrifying        |       |       |     1 ||     1
  Eat: Chunk             |     1 |     5 |     6 ||    12
       Ration            |       |       |     6 ||     6
Armor: Robe              |     5 |     6 |    47 ||    58
Dodge: Dodged            |    11 |    21 |   185 ||   217

Table legend:
 A = Spawn XP
 B = Non-spawn XP
 C = Spawn XP percentage of total XP
 D = Spawn monster count
 E = Non-spawn monster count
 F = Spawn count percentage of total count
 G = Total turns spent on level
                    A         B        C        D         E        F      G
               +---------+---------+-------+---------+---------+-------+---------
         Total |       0 |    2213 |   0.0 |       0 |     118 |   0.0 |  6384
               +---------+---------+-------+---------+---------+-------+---------
           D:1 |       0 |      27 |   0.0 |       0 |      12 |   0.0 |  1042
           D:2 |       0 |      81 |   0.0 |       0 |      21 |   0.0 |   701
           D:3 |       0 |     411 |   0.0 |       0 |      31 |   0.0 |  1114
           D:4 |       0 |     299 |   0.0 |       0 |      21 |   0.0 |  1475
           D:5 |       0 |    1099 |   0.0 |       0 |      20 |   0.0 |  1688
           D:6 |       0 |     296 |   0.0 |       0 |      13 |   0.0 |   299
               +---------+---------+-------+---------+---------+-------+---------
